 Dungeon Crawl Stone Soup version 0.29-a0-453-gf113fcf677 (webtiles) character file.

Game seed: 16104182852979708096

373 bargaw the Cudgeller (level 6, -5/55 HPs)
             Began as a Minotaur Berserker on May 20, 2022.
             Was a Priest of Trog.
             Succumbed to a gnoll's poison
             ... on level 5 of the Dungeon.
             The game lasted 00:06:02 (3284 turns).

bargaw the Cudgeller (Minotaur Berserker)           Turns: 3284, Time: 00:06:03

Health: -5/55      AC: 16    Str: 23    XL:     6   Next: 43%
Magic:  5/5        EV:  4    Int:  4    God:    Trog [***...]
Gold:   265        SH:  0    Dex: 10    Spells: 5/5 levels left

rFire   . . .      SeeInvis .   v - +2 falchion (elec)
rCold   . . .      Faith    .   (no shield)
rNeg    . . .      Spirit   .   k - +0 crystal plate armour "Padaw" {Stlth+}
rPois   .          Reflect  .   (helmet restricted)
rElec   .          Harm     .   (no cloak)
rCorr   .          Rampage  .   (no gloves)
Will    ++...                   (no boots)
Stlth   ..........              (no amulet)
HPRegen 1.18/turn               (no ring)
MPRegen 0.09/turn               (no ring)

@: lethally poisoned (-5 -> -24), strong-willed, regenerating
A: horns 2, retaliatory headbutt
a: Renounce Religion, Berserk, Trog's Hand


You were on level 5 of the Dungeon.
You worshipped Trog.
Trog was most pleased with you.
You visited 1 branch of the dungeon, and saw 5 of its levels.

You collected 265 gold pieces.

Inventory:

Hand Weapons
 a - a +0 mace
 v - a +2 falchion of electrocution (weapon)
Missiles
 g - 3 atropa-tipped darts
 p - 5 poisoned darts
 q - 41 stones (quivered)
Armour
 b - a +0 animal skin
 d - a +0 scale mail
 k - the +0 crystal plate armour "Padaw" (worn) {Stlth+}
   (You acquired it on level 4 of the Dungeon)

   Stlth:     It makes you more stealthy.
Jewellery
 l - a ring of willpower
 m - an amulet of faith
Scrolls
 e - a scroll of identify
 i - 2 scrolls of teleportation
 j - a scroll of summoning {unknown}
 o - a scroll of noise {unknown}
 s - a scroll of fog {unknown}
 u - a scroll of immolation {unknown}
Potions
 c - a potion of mutation
 f - 2 potions of heal wounds
 h - a potion of magic
 n - a potion of haste


   Skills:
 + Level 4.8 Fighting
 + Level 2.0 Long Blades
 + Level 6.2 Maces & Flails
 + Level 1.1 Throwing
 + Level 4.0 Armour
 + Level 2.9 Dodging
 + Level 0.9 Stealth


You had 5 spell levels left.
You didn't know any spells.
Your spell library was empty.

Dungeon Overview and Level Annotations

Branches:
Dungeon (5/15)
 Temple: D:4-7

Altars:
Zin


Innate Abilities, Weirdness & Mutations

You have a pair of horns on your head.
You reflexively headbutt those who attack you in melee.


Message History

You are lethally poisoned!
You slash the necrophage!
The necrophage is moderately damaged.
You feel extremely sick.
The gnoll hits you from afar with a +0 spear!
* * * LOW HITPOINT WARNING * * *
The necrophage hits you but does no damage.
The gnoll hits you but does no damage.
You are more poisoned.
You are too injured to fight recklessly!
You are too injured to fight recklessly!
It was a potion of curing.
You feel better. The gnoll hits you but does no damage.
The necrophage hits you but does no damage.
The gnoll hits you but does no damage.
You are poisoned.
Your skin crawls.
You feel strong-willed.
You feel very sick. The gnoll hits you but does no damage.
The necrophage hits you but does no damage.
The gnoll hits you but does no damage.
You are more poisoned.
You feel very sick.
You feel very sick.
You hit the gnoll.
The gnoll is moderately wounded.
You feel very sick. The gnoll barely misses you.
The necrophage hits you but does no damage.
The gnoll hits you but does no damage.
You are more poisoned.
The gnoll hits you with a +2 whip of venom.
* * * LOW HITPOINT WARNING * * *
You are lethally poisoned!
The gnoll barely misses you. The necrophage hits you.
* * * LOW HITPOINT WARNING * * *
You hit the gnoll.
The gnoll is almost dead.
You die...

............#
#..........#
##..........#
#......?....#
#...........#
#.......)...#
#....g......#
#....ng.....#
#....@#######
#.....#
#.....#
#.....#
####'####
#....# #....#
###
#####....#
### #.#
#.#.#....#
##.###


You could see a necrophage and 2 gnolls.

Vanquished Creatures
  2 jellies
  3 iguanas
  2 orc wizards (D:4)
  5 adders
  4 gnolls
  2 worms (D:4)
  14 orcs (D:4)
  5 ball pythons
  4 bats
  6 endoplasms
  7 giant cockroaches
  2 goblins (D:4)
  8 hobgoblins
  4 jackals (D:3)
  5 quokkas
  5 kobolds
  6 rats
84 creatures vanquished.

Notes
Turn   | Place    | Note
-------+----------+-------------------------------------------
     0 | D:1      | bargaw the Minotaur Berserker began the quest for the Orb.
     0 | D:1      | Reached XP level 1. HP: 19/19 MP: 0/0
   170 | D:1      | Reached XP level 2. HP: 26/27 MP: 1/1
   458 | D:1      | Reached skill level 4 in Maces & Flails
   518 | D:1      | Reached ** piety under Trog
   758 | D:2      | Reached XP level 3. HP: 33/33 MP: 2/2
  1040 | D:2      | Found a glowing silver altar of Zin.
  1645 | D:3      | Reached skill level 5 in Maces & Flails
  1724 | D:3      | Reached XP level 4. HP: 41/41 MP: 3/3
  1891 | D:4      | Identified a scroll of acquirement
  1891 | D:4      | Acquired the +0 crystal plate armour "Padaw" {Stlth+}
  2003 | D:4      | Reached XP level 5. HP: 43/47 MP: 4/4
  2266 | D:4      | Reached skill level 1 in Long Blades
  2316 | D:4      | Reached *** piety under Trog
  2317 | D:4      | Reached skill level 6 in Maces & Flails
  2615 | D:4      | Reached XP level 6. HP: 53/53 MP: 5/5
  2845 | D:5      | Entered Level 5 of the Dungeon
  3106 | D:5      | Reached skill level 1 in Throwing
  3283 | D:5      | HP: 2/55 [necrophage (6)]
  3284 | D:5      | Succumbed to a gnoll's poison

Illustrated notes

Levels and vault maps discovered:
D:1:      psy_arrival_fountain, layout_loops_ring, dreamdust_wishing_well,
          minmay_strange_pillars
D:2:      layout_loops_ring, basic_altar
D:3:      layout_basic, uniq_terence
D:4:      layout_loops_ring
D:5:      layout_basic, uniq_eustachio, uniq_crazy_yiuf_cottage

Skill      XL: |  1  2  3  4  5  6 |
---------------+-------------------+-----
Fighting       | 4 |  4.8
Maces & Flails | 4 5 6 |  6.2
Armour         | 3 4 |  4.0
Long Blades    | 1 2 |  2.0
Throwing       | 1 |  1.1
Dodging        | |  2.9
Stealth        | |  0.9

Action                   |  1- 3 |  4- 6 || total
-------------------------+-------+-------++-------
Melee: Mace              |    86 |    21 ||   107
       Headbutt          |    14 |    17 ||    31
       Falchion          |       |    81 ||    81
       Punch             |       |     1 ||     1
Throw: Dart              |       |     8 ||     8
       Stone             |       |     1 ||     1
Invok: Trog's Hand       |       |     1 ||     1
  Use: Potion            |       |    10 ||    10
       Scroll            |       |     3 ||     3
 Stab: Invisible         |       |     2 ||     2
Armor: Scale mail        |    38 |     5 ||    43
       Crystal plate arm |       |    90 ||    90
Dodge: Dodged            |    45 |    33 ||    78

Table legend: (Time is in decaauts)
 A = Elapsed time spent in this place.
 B = Non-inter-level travel time spent in this place.
 C = Inter-level travel time spent in this place.
 D = Time resting spent in this place.
 E = Time spent auto-exploring this place.
 F = Levels seen in this place.
 G = Mean time per level.
                   A        B        C        D        E       F      G
               +--------+--------+--------+--------+--------+-----+--------+
         Total |   3313 |   3189 |    124 |    236 |   2436 |   5 |  662.6 |
       Dungeon |   3313 |   3189 |    124 |    236 |   2436 |   5 |  662.6 |
               +--------+--------+--------+--------+--------+-----+--------+

Top non-repeatable levels by time:
     D:4: 1113 daAuts
     D:2: 796 daAuts
     D:1: 750 daAuts
     D:5: 443 daAuts
     D:3: 209 daAuts
